 Dungeon Crawl Stone Soup version 0.29-a0-321-gf1c400731a (webtiles) character file.

Game seed: 8932495770328653019

117973 experimilk the Bludgeoner (level 16, -4/211 HPs)
             Began as a Palentonga Fighter on Apr 3, 2022.
             Was a High Priest of Makhleb.
             Slain by an ogre
             ... wielding a +0 giant spiked club
              (22 damage)
             ... on level 2 of the Orcish Mines on Apr 4, 2022.
             The game lasted 01:27:27 (30250 turns).

experimilk the Bludgeoner (Palentonga Fighter)     Turns: 30250, Time: 01:27:28

Health: -4/211     AC: 28    Str: 34    XL:     16   Next: 24%
Magic:  0/25       EV:  1    Int:  8    God:    Makhleb [*****.]
Gold:   1305       SH:  0    Dex: 10    Spells: 15/15 levels left

rFire   . . .      SeeInvis +   E - +7 great mace (flame)
rCold   . . .      Faith    .   (shield currently unavailable)
rNeg    . . .      Spirit   +   (body armour currently unavailable)
rPois   +          Reflect  .   (helmet currently unavailable)
rElec   .          Harm     .   (cloak currently unavailable)
rCorr   .          Rampage  .   (gloves currently unavailable)
Will    +....      NoTele   +   (no barding)
Stlth   +.........              S - amulet of guardian spirit
HPRegen 0.45/turn               o - +6 ring of strength
MPRegen 0.19/turn               A - ring of poison resistance

@: mighty, tree-form (expiring), invisible
A: stationary, stasis, torment immunity, boosted hp, large, rugged brown scales
3, see invisible, (deformed body), (roll 1), (armoured tail), (reflexive curl)
a: Renounce Religion, Minor Destruction, Lesser Servant of Makhleb, Major
Destruction, Greater Servant of Makhleb


You were on level 2 of the Orcish Mines.
You worshipped Makhleb.
Makhleb was extremely pleased with you.
You were a tree.
You visited 3 branches of the dungeon, and saw 19 of its levels.
You also visited: Bailey and Volcano.

You collected 1956 gold pieces.
You spent 651 gold pieces at shops.

Inventory:

Hand Weapons
 n - a +3 morningstar of freezing
 z - the +7 great mace "Undeadhunter" {disrupt, rN+}
   (You found it on level 6 of the Lair of Beasts)

   It inflicts significantly more damage against the undead.
   rN:        It protects you from negative energy.
 E - a +7 great mace of flaming (weapon)
 F - a +1 flail of holy wrath
 T - a +1 great mace of flaming
Armour
 b - a scarf of shadows (melded)
 g - a +5 plate armour of fire resistance (melded)
 r - a +2 pair of gloves (melded)
 Q - a +2 helmet (melded)
Jewellery
 m - a +4 ring of evasion
 o - a +6 ring of strength (left branch)
 y - a ring of resist corrosion
 A - a ring of poison resistance (right branch)
 I - a +4 ring of protection
 J - a ring of ice
 N - a +4 ring of evasion
 R - an amulet of regeneration
 S - an amulet of guardian spirit (around neck)
Wands
 h - a wand of iceblast (10)
 w - a wand of mindburst (14)
 G - a wand of digging (9)
 P - a wand of polymorph (12)
 V - a wand of paralysis (8)
 X - a wand of flame (9)
Scrolls
 a - a scroll of silence
 c - a scroll of fog
 e - a scroll of fear
 k - 8 scrolls of amnesia
 l - 4 scrolls of teleportation
 p - 4 scrolls of vulnerability
 s - 2 scrolls of magic mapping
 u - 3 scrolls of identify
Potions
 f - 2 potions of attraction
 i - 6 potions of mutation
 t - 2 potions of magic
 v - 5 potions of flight
 x - 2 potions of curing
 B - a potion of invisibility
 C - 4 potions of brilliance
 D - 2 potions of haste
 H - a potion of resistance
 M - 2 potions of might
 Z - a potion of lignification
Miscellaneous
 d - a lightning rod (inert)


   Skills:
 + Level 13.9 Fighting
 * Level 17.7 Maces & Flails
 - Level 1.9 Throwing
 + Level 11.0 Armour
 - Level 2.4 Shields
 - Level 12.0 Invocations


You had 15 spell levels left.
You didn't know any spells.
Your spell library contained the following spells:

 Spells                   Type           Power      Damage    Failure   Level
 Magic Dart               Conj           0%         1d3       41%         1
 Blink                    Tloc           0%         N/A       54%         2
 Corpse Rot               Necr/Air       0%         N/A       54%         2
 Poisonous Vapours        Pois/Air       0%         N/A       54%         2
 Searing Ray              Conj           0%         2d4       54%         2
 Sublimation of Blood     Necr           0%         N/A       54%         2
 Wereblood                Tmut           0%         N/A       54%         2
 Gell's Gravitas          Tloc           0%         N/A       78%         3
 Ignite Poison            Fire/Tmut/Pois 0%         N/A       78%         3
 Lesser Beckoning         Tloc           0%         N/A       78%         3
 Spider Form              Tmut/Pois      0%         N/A       78%         3
 Teleport Other           Tloc           0%         N/A       78%         3
 Fulminant Prism          Conj/Hex       0%         3d6       99%         4
 Leda's Liquefaction      Hex/Erth       0%         N/A       99%         4
 Manifold Assault         Tloc           0%         N/A       100%        5
 Dispersal                Tloc           0%         N/A       100%        6
 Summon Hydra             Summ           0%         N/A       100%        7


Dungeon Overview and Level Annotations

Branches:
Dungeon (11/15)            Temple (0/1) D:5            Lair (6/6) D:10
 Shoals (0/4) Lair:4        Snake (0/4) Lair:3        Slime (0/5) Lair:5
    Orc (2/2) D:9          Bailey (visited)         Volcano (visited)
    Elf: Orc:2

Altars:
Cheibriados
Elyvilon
Gozag
Kikubaaqudgha
Makhleb
Nemelex Xobeh
Okawaru
Qazlal
Uskayaw
Vehumet
Yredelemnul
Zin
Beogh

Shops:
D:5 :   D:8 *   D:10 [

Annotations:
D:3 4 runed translucent doors, Pooter's ghost, amateur MiMo; horus123's ghost, weakling DgEE
D:7 3 runed translucent doors, spaghetti's ghost, novice OpEE
D:8 3 runed translucent doors, storma199's ghost, novice FeAE
D:11 Josephine


Innate Abilities, Weirdness & Mutations

You are a tree.
Your roots penetrate the ground, keeping you stationary.
You cannot be teleported.
You are immune to unholy pain and torment.
Your maximum health is greatly increased.
Your equipment is partially melded.
(You are completely covered in rugged brown scales. (AC +3, +7% HP))
You have supernaturally acute eyesight. (SInv)
((Armour fits poorly on your strangely shaped body.))
((You can roll at nearby foes to attack.))
((You have a long armoured tail.))
((You curl defensively after being hit. (AC +7*)))


Message History

The ogre seems to speed up.
You feel very mighty all of a sudden.
The ogre hits you with a +0 giant spiked club!
* * * LOW HITPOINT WARNING * * *
The ogre mage hits your orange demon with a +0 whip!
The ogre barely misses your orange demon.
Your orange demon barely misses the two-headed ogre.
The ogre mage points at the ogre and mumbles some strange words.
The ogre seems to speed up.
You bludgeon the two-headed ogre!! You burn the two-headed ogre!
You kill the two-headed ogre!
Makhleb accepts your kill. The ogre hits you with a +0 giant club.
* * * LOW HITPOINT WARNING * * *
The ogre hits you but does no damage.
Your orange demon stings the ogre!
Your orange demon hits the ogre.
You bludgeon the ogre!! You burn the ogre.
You kill the ogre!
Makhleb accepts your kill.
You feel better.
The ogre hits your orange demon with a +0 giant spiked club!
Your orange demon dies!
Your orange demon disappears in a puff of smoke!
You barely miss the ogre mage. The ogre hits you with a +0 giant club!
* * * LOW HITPOINT WARNING * * *
Unknown command.
Unknown command.
A demon appears!
The ogre hits your orange demon with a +0 giant spiked club!!
The ogre mage hits you with a +0 whip!
* * * LOW HITPOINT WARNING * * *
The ogre mage hits you from afar with a +0 spear!
* * * LOW HITPOINT WARNING * * *
The ogre hits you but does no damage.
You feel better.
The ogre hits your orange demon with a +0 giant spiked club!!
The ogre mage hits you from afar with a +0 spear.
* * * LOW HITPOINT WARNING * * *
The ogre hits you with a +0 giant spiked club!!
You die...

...........#...........
..........#...........
.........#.............
.......................
........................
...........)...........
......................
.............)....####
...........)♣O).)....#
............4OO........
............).OO........
............).)...).....
..........[[[.........#..
........[......).........
................)..#.....
.......[..O...$........#
................[.....##


You could see a two-headed ogre (can't see you), 2 ogre magi, 3 ogres and a
friendly orange demon (summoned).

Vanquished Creatures
  A dire elephant (Lair:6)
  Fannar (Orc:1)
  A catoblepas (Lair:6)
  4 hydras
  3 ogre magi
  14 two-headed ogres
  10 death yaks
  A deep troll shaman (Lair:6)
  A hell knight (Volcano)
  A deep troll (D:10)
  2 lindwurms
  4 orc knights
  3 oklob plants (Lair:5)
  An orc sorcerer (Orc:2)
  2 cyclopes
  6 elephants
  4 black mambas
  A molten gargoyle (Volcano)
  A gargoyle (Volcano)
  13 cane toads
  4 rime drakes
  9 komodo dragons
  A burning bush (Lair:3)
  5 trolls
  3 polar bears
  A hornet (D:9)
  17 blink frogs
  Sigmund (D:5)
  A wraith (D:6)
  53 yaks
  6 fire bats (Volcano)
  2 wyverns
  4 basilisks
  7 vampire mosquitoes
  2 steam dragons
  A warg (Orc:2)
  An acid dragon (D:10)
  Duvessa (D:7)
  16 water moccasins
  17 orc warriors
  5 black bears
  3 ice beasts
  5 centaurs
  10 ogres
  20 wolves
  A phantom (D:5)
  A kobold brigand (D:10)
  A necrophage (D:7)
  A gnoll sergeant (D:9)
  3 bullfrogs
  2 scorpions (D:5)
  10 wights
  Dowan (D:7)
  17 killer bees
  A howler monkey (D:7)
  10 lava snakes
  5 jellies
  10 orc priests
  3 gnoll shamans
  6 hounds
  Terence (D:3)
  4 iguanas
  10 orc wizards
  Robin (D:4)
  A howler monkey zombie (D:3)
  20 gnolls
  8 adders
  A shadow imp (D:7)
  A white imp (D:5)
  4 worms (D:2)
  2 dart slugs
  56 orcs
  9 ball pythons
  3 endoplasms
  2 giant cockroaches (D:4)
  16 goblins
  5 hobgoblins
  4 quokkas
  3 bats
  2 frilled lizards (D:3)
  A giant cockroach zombie (D:3)
  14 kobolds
  7 rats
516 creatures vanquished.

Vanquished Creatures (collateral kills)
  4 two-headed ogres
  An orc knight (Bailey)
  3 black mambas (Lair:3)
  A troll (D:10)
  3 blink frogs
  A wyvern (D:10)
  A wraith (D:10)
  2 basilisks
  6 yaks
  A water moccasin (Lair:3)
  A sky beast (D:8)
  2 wolves (Lair:3)
  A killer bee (D:10)
  2 orc wizards (D:9)
  4 gnolls
  3 orcs (D:10)
36 creatures vanquished.

Vanquished Creatures (others)
  A gnoll (D:6)
  An orc (Orc:2)
  19 fungi
  42 plants
63 creatures vanquished.

Grand Total: 615 creatures vanquished

Notes
Turn   | Place    | Note
-------+----------+-------------------------------------------
     0 | D:1      | experimilk the Palentonga Fighter began the quest for the
                  | Orb.
     0 | D:1      | Reached XP level 1. HP: 19/19 MP: 1/1
   179 | D:1      | Reached XP level 2. HP: 25/25 MP: 2/2
   858 | D:2      | Reached skill level 1 in Throwing
  1065 | D:2      | Reached XP level 3. HP: 25/31 MP: 3/3
  1144 | D:2      | Reached skill level 3 in Maces & Flails
  1546 | D:2      | Reached XP level 4. HP: 37/37 MP: 4/4
  2271 | D:3      | Found a burning altar of Makhleb.
  2404 | D:3      | Became a worshipper of Makhleb the Destroyer
  2434 | D:3      | Found a runed translucent gate.
  2434 | D:3      | Found a runed translucent gate.
  2434 | D:3      | Found a runed translucent gate.
  2434 | D:3      | Noticed horus123's ghost (weakling DgEE)
  2436 | D:3      | Found a basalt altar of Yredelemnul.
  2576 | D:3      | Noticed Terence
  2583 | D:3      | Killed Terence
  2584 | D:3      | Reached skill level 4 in Maces & Flails
  2654 | D:3      | Noticed Pooter's ghost (amateur MiMo)
  2655 | D:3      | Found a runed translucent door.
  2696 | D:3      | Found a stormy altar of Qazlal.
  2774 | D:3      | Found a radiant altar of Vehumet.
  3154 | D:3      | Reached XP level 5. HP: 43/43 MP: 5/5
  3455 | D:4      | Reached skill level 5 in Maces & Flails
  3828 | D:4      | Reached * piety under Makhleb
  3927 | D:4      | Noticed Robin
  4012 | D:4      | Reached XP level 6. HP: 45/50 MP: 6/6
  4601 | D:4      | Reached skill level 6 in Maces & Flails
  4769 | D:4      | Killed Robin
  4967 | D:5      | Entered Level 5 of the Dungeon
  5134 | D:5      | Reached skill level 1 in Invocations
  5165 | D:5      | Found Goxiho's Book Emporium.
  5206 | D:5      | Found a white marble altar of Elyvilon.
  5260 | D:5      | Gained mutation: You curl defensively after being hit. (AC
                  | +7*) [Palentonga growth]
  5260 | D:5      | Reached XP level 7. HP: 52/55 MP: 6/8
  5313 | D:5      | Noticed Sigmund
  5315 | D:5      | Noticed a komodo dragon
  5317 | D:5      | Killed Sigmund
  5331 | D:5      | Killed a komodo dragon
  5332 | D:5      | Reached skill level 7 in Maces & Flails
  5332 | D:5      | Reached XP level 8. HP: 43/64 MP: 8/10
  5564 | D:5      | Found a staircase to the Ecumenical Temple.
  7470 | D:6      | Reached skill level 8 in Maces & Flails
  7788 | D:6      | Reached skill level 5 in Fighting
  8218 | D:6      | Reached skill level 9 in Maces & Flails
  8246 | D:6      | Reached ** piety under Makhleb
  9058 | D:7      | Reached XP level 9. HP: 37/73 MP: 11/11
 10048 | D:7      | Found a runed translucent gate.
 10048 | D:7      | Found a runed translucent gate.
 10049 | D:7      | Found a runed translucent gate.
 10050 | D:7      | Noticed spaghetti's ghost (novice OpEE)
 10083 | D:7      | Reached skill level 5 in Invocations
 10232 | D:7      | Found a glowing silver altar of Zin.
 10324 | D:7      | Noticed Dowan
 10324 | D:7      | Noticed Duvessa
 10332 | D:7      | Killed Duvessa
 10333 | D:7      | Killed Dowan
 10340 | D:7      | Reached skill level 10 in Maces & Flails
 10483 | D:7      | Reached *** piety under Makhleb
 10686 | D:7      | Found an opulent altar of Gozag.
 10939 | D:8      | Reached XP level 10. HP: 53/84 MP: 14/14
 11038 | D:8      | Reached skill level 11 in Maces & Flails
 11197 | D:8      | Found a flagged portal.
 11204 | D:8      | Reached **** piety under Makhleb
 11213 | Bailey   | Entered a bailey
 11507 | Bailey   | Reached skill level 5 in Armour
 11516 | Bailey   | Noticed an orc knight
 11691 | Bailey   | Noticed an orc knight
 11692 | Bailey   | Killed an orc knight
 11710 | Bailey   | Killed an orc knight
 12249 | D:8      | Found Yriges's Neck Hole.
 12303 | D:8      | Bought an amulet of guardian spirit for 390 gold pieces
 12475 | D:8      | Found a runed translucent gate.
 12475 | D:8      | Found a runed translucent gate.
 12475 | D:8      | Found a runed translucent gate.
 12476 | D:8      | Noticed a nine-headed hydra
 12476 | D:8      | Noticed a ten-headed hydra
 12476 | D:8      | Noticed storma199's ghost (novice FeAE)
 13093 | D:9      | Reached skill level 12 in Maces & Flails
 14165 | D:9      | Got the Handbook of the Mutagenic Rocks
 14191 | D:9      | Found a staircase to the Orcish Mines.
 14403 | D:9      | Reached XP level 11. HP: 74/93 MP: 10/15
 15092 | D:10     | Entered Level 10 of the Dungeon
 15101 | D:10     | Found Erche's Antique Armour Boutique.
 15296 | D:10     | Bought a faintly humming scale mail for 261 gold pieces
 15296 | D:10     | Identified the +2 scale mail "Cedowayr" {rPois Will- Int+2}
                  | (You bought it in a shop on level 10 of the Dungeon)
 15343 | D:10     | Found an iron altar of Okawaru.
 15396 | D:10     | Found an ancient bone altar of Kikubaaqudgha.
 15538 | D:10     | Noticed a death yak
 15540 | D:10     | Found a staircase to the Lair.
 15556 | D:10     | Killed a death yak
 16062 | D:11     | Noticed a two-headed ogre
 16070 | D:11     | Noticed Josephine
 16636 | D:10     | Noticed a deep troll
 16653 | D:10     | Killed a deep troll
 16766 | D:10     | Found a snail-covered altar of Cheibriados.
 16766 | D:10     | Found a hide-covered altar of Uskayaw.
 16777 | D:10     | Noticed a two-headed ogre
 16783 | D:10     | Killed a two-headed ogre
 17008 | D:10     | Found a sparkling altar of Nemelex Xobeh.
 17399 | Lair:1   | Entered Level 1 of the Lair of Beasts
 17662 | Lair:1   | Reached skill level 13 in Maces & Flails
 18284 | Lair:1   | Reached XP level 12. HP: 103/103 MP: 18/18
 18794 | Lair:2   | Noticed a seven-headed hydra
 18803 | Lair:2   | Killed a seven-headed hydra
 18867 | Lair:2   | Reached skill level 10 in Fighting
 20160 | Lair:3   | Reached skill level 14 in Maces & Flails
 20192 | Lair:3   | Found a staircase to the Snake Pit.
 20378 | Lair:3   | Found a dark tunnel.
 20387 | Volcano  | Entered a volcano
 21094 | Volcano  | Noticed a two-headed ogre
 21104 | Volcano  | Killed a two-headed ogre
 21218 | Volcano  | Found a bloodstained altar of Trog.
 21218 | Volcano  | Noticed a two-headed ogre
 21218 | Volcano  | Noticed an ogre mage
 21218 | Volcano  | Noticed a two-headed ogre
 21224 | Volcano  | Killed a two-headed ogre
 21225 | Volcano  | Killed an ogre mage
 21228 | Volcano  | Killed a two-headed ogre
 21237 | Volcano  | Noticed a two-headed ogre
 21243 | Volcano  | Killed a two-headed ogre
 21244 | Volcano  | Reached skill level 15 in Maces & Flails
 21244 | Volcano  | Reached XP level 13. HP: 105/113 MP: 14/19
 21865 | Lair:3   | Reached XP level 14. HP: 123/123 MP: 19/21
 21866 | Lair:3   | Reached skill level 10 in Invocations
 21866 | Lair:3   | Reached XP level 15. HP: 130/130 MP: 19/22
 23346 | Lair:4   | Found a staircase to the Shoals.
 23927 | Lair:5   | Reached skill level 16 in Maces & Flails
 24101 | Lair:5   | Reached skill level 10 in Armour
 24422 | Lair:5   | Found a staircase to the Slime Pits.
 25217 | Lair:6   | Entered Level 6 of the Lair of Beasts
 25509 | Lair:6   | Reached ***** piety under Makhleb
 27734 | Lair:6   | Reached skill level 17 in Maces & Flails
 28005 | Lair:6   | Found the +7 great mace "Undeadhunter" {disrupt, rN+}
 28258 | Orc:1    | Entered Level 1 of the Orcish Mines
 28592 | Orc:1    | Noticed Fannar
 28601 | Orc:1    | Killed Fannar
 28962 | Orc:2    | Entered Level 2 of the Orcish Mines
 29381 | Orc:2    | Reached XP level 16. HP: 129/140 MP: 24/24
 30249 | Orc:2    | HP: 9/211 [ogre mage/+0 spear (8)]
 30250 | Orc:2    | Slain by an ogre

Illustrated notes

Levels and vault maps discovered:
D:1:      amcnicky_arrival_wind_blow, layout_loops_cross, minmay_bisected
D:2:      layout_basic
D:3:      layout_loops_cross, nicolae_yredelemnul_ghost_church,
          mainiacjoe_overflow_surrounded_room, mainiacjoe_overflow_boulevard,
          nicolae_qazlal_general_emergency, hellmonk_ghost_happy_afterlife,
          minivault_27, uniq_terence, uniq_crazy_yiuf_cottage
D:4:      layout_basic, serial_corexii_hall, corexii_hall_statues_i,
          corexii_hall_statues_i, uniq_robin
D:5:      layout_basic, elyvilon_altar_1, minmay_temple_entry_steel_oval,
          serial_shops, kennysheep_mini_moat, serial_park_tiny_pond,
          hangedman_decor_lopped, uniq_sigmund
D:6:      layout_loops_ring
D:7:      layout_loops_ring, overflow_temple_1_default, zin_academy,
          biasface_ghost_orc_armoury, uniq_duvessa
D:8:      layout_basic, gammafunk_ghost_hydra_chop, enter_bailey_5,
          nicolae_shop_sticking_my_neck_out
D:9:      layout_stronghold, orc_0_dummy, minmay_splitting_lines,
          grunt_ministairs_8
D:10:     dreamdust_cave_troll, layout_gridville,
          gammafunk_temple_overflow_elements,
          mainiacjoe_overflow_catch_the_wave, lemuel_coloured_pillars_altar,
          david_lair_generic, serial_shops, shop
D:11:     layout_cave_pools, nicolae_shop_self_help, uniq_psyche, uniq_lodul,
          uniq_josephine, uniq_maurice
Lair:1:   layout_layer_cave
Lair:2:   layout_small_grid
Lair:3:   layout_cellular_growth, minmay_snake_entry_six_corridors,
          enter_volcano_2, evilmike_ambush [evilmike_ambush_outer_basic,
          evilmike_ambush_inner_basic], grunt_megastairs_5
Lair:4:   layout_cave_pods, minmay_shoals_entry_centaurs,
          infiniplex_staircase_pool, grunt_megastairs_2
Lair:5:   layout_cave_pods, minmay_slime_entry_oklob_enclosed
Lair:6:   grunt_lair_end_beastmaster, layout_cave_pods
Orc:1:    layout_caves, nicolae_orc_stony_grotto, uniq_fannar
Orc:2:    st_orc_ogre_mass, layout_caves

Skill      XL: |  1  2  3  4  5  6  7  8  9 10 11 12 13 14 15 16 |
---------------+-------------------------------------------------+-----
Throwing       | 1 |  1.9
Maces & Flails | 3 4 5 6 7 9 10 12 13 15 17 | 17.7
Invocations    | 1 3 6 8 9 10 11 12 | 12.0
Armour         | 3 4 6 8 9 10 11 | 11.0
Fighting       | 4 6 7 8 9 11 12 13 | 13.9
Shields        | |  2.4

Action                   |  1- 3 |  4- 6 |  7- 9 | 10-12 | 13-15 | 16-18 || total
-------------------------+-------+-------+-------+-------+-------+-------++-------
Melee: Flail             |    68 |   159 |   137 |       |       |       ||   364
       Tailslap          |    10 |    17 |    28 |    62 |    64 |     7 ||   188
       Morningstar       |       |       |    68 |   499 |    10 |       ||   577
       Mace              |       |       |    10 |    10 |       |       ||    20
       Great mace        |       |       |       |       |   379 |    52 ||   431
Throw: Javelin           |     7 |     3 |     1 |       |       |       ||    11
       Dart              |       |     7 |       |       |       |       ||     7
       Boomerang         |       |       |     2 |       |       |       ||     2
Invok: Minor Destruction |       |       |    17 |    62 |    23 |     4 ||   106
       Lesser Servant of |       |       |       |    19 |     9 |     4 ||    32
       Major Destruction |       |       |       |     3 |     1 |     7 ||    11
       Greater Servant o |       |       |       |       |     2 |       ||     2
 Abil: Rolling Charge    |    21 |    28 |    34 |    91 |    71 |    12 ||   257
Evoke: Wand              |       |     1 |     2 |     1 |       |     2 ||     6
       Lightning rod     |       |       |       |       |       |     4 ||     4
  Use: Scroll            |       |     9 |     8 |     8 |    13 |     2 ||    40
       Potion            |       |       |     5 |    10 |     9 |     5 ||    29
 Stab: Distracted        |       |       |       |     3 |       |       ||     3
Armor: Ring mail         |    21 |    57 |     8 |       |       |       ||    86
       Chain mail        |       |       |    35 |       |       |       ||    35
       Plate armour      |       |       |    26 |   242 |   291 |    49 ||   608
       Skin              |       |       |       |    73 |    30 |     7 ||   110
Dodge: Dodged            |    25 |    98 |    73 |   164 |   135 |    37 ||   532
Block: Buckler           |     9 |    22 |    27 |    39 |       |       ||    97
       Kite shield       |       |       |       |    99 |     2 |       ||   101

Table legend: (Time is in decaauts)
 A = Elapsed time spent in this place.
 B = Non-inter-level travel time spent in this place.
 C = Inter-level travel time spent in this place.
 D = Time resting spent in this place.
 E = Time spent auto-exploring this place.
 F = Levels seen in this place.
 G = Mean time per level.
                   A        B        C        D        E       F      G
               +--------+--------+--------+--------+--------+-----+--------+
         Total |  30253 |  29423 |    830 |  13809 |   9139 |  21 | 1440.6 |
       Dungeon |  16778 |  16231 |    547 |   8182 |   4876 |  11 | 1525.3 |
          Lair |   9475 |   9201 |    274 |   3049 |   3896 |   6 | 1579.2 |
  Orcish Mines |   1987 |   1979 |      8 |   1210 |    367 |   2 |  993.5 |
        Bailey |    725 |    725 |      0 |    456 |      0 |   1 |  725.0 |
       Volcano |   1287 |   1287 |      0 |    911 |      0 |   1 | 1287.0 |
               +--------+--------+--------+--------+--------+-----+--------+

Top non-repeatable levels by time:
  Lair:6: 2878 daAuts
     D:5: 2390 daAuts
    D:10: 2265 daAuts
     D:9: 2239 daAuts
     D:7: 1806 daAuts
   Orc:1: 1715 daAuts
     D:4: 1714 daAuts
     D:6: 1630 daAuts
  Lair:1: 1415 daAuts
     D:2: 1390 daAuts
  Lair:5: 1373 daAuts
  Lair:3: 1342 daAuts
     D:8: 1323 daAuts
 Volcano: 1287 daAuts
  Lair:4: 1240 daAuts
